 Dungeon Crawl Stone Soup version 0.29.0-13-gc9e81de378 (webtiles) character file.

Game seed: 1885962211926627420

108698 SnakkuSnakku7 the Shatterer (level 16, 0/162 HPs)
             Began as an Ogre Enchanter on Sept 8, 2022.
             Was the Champion of Zin.
             Slain by an anaconda (2 damage)
             ... on level 1 of the Snake Pit.
             The game lasted 00:48:05 (31667 turns).

SnakkuSnakku7 the Shatterer (Ogre Enchanter)       Turns: 31667, Time: 00:48:06

Health: 0/162      AC: 21    Str: 18    XL:     16   Next: 50%
Magic:  7/23       EV:  6    Int: 16    God:    Zin [******]
Gold:   2559       SH:  5    Dex:  8    Spells: 19/19 levels left

rFire   . . .      SeeInvis .   a - +5 giant spiked club (protect)
rCold   + . .      Faith    .   (shield currently unavailable)
rNeg    . . .      Spirit   .   G - +1 acid dragon scales "Gabuf" {rC+ rCorr}
rPois   .          Reflect  +   B - +2 hat
rElec   +          Harm     .   I - +0 cloak
rCorr   +          Rampage  .   (gloves unavailable)
Will    +....                   (boots unavailable)
Stlth   +.........              q - amulet of reflection
HPRegen 0.37/turn               H - +4 ring of protection
MPRegen 0.18/turn               Q - ring of Ytenkur {rElec AC+4 Dex-5 Slay+6}

@: lethally poisoned (0 -> -17), about to teleport, slowed, constricted,
studying Ice Magic, very slow
A: large, unfitting armour, tough skin 1
a: Renounce Religion, Recite, Vitalisation, Imprison, Sanctuary, Donate Gold


You were on level 1 of the Snake Pit.
You worshipped Zin.
Zin was exalted by your worship.
You visited 5 branches of the dungeon, and saw 24 of its levels.
You also visited: Gauntlet and Ice Cave.

You collected 3431 gold pieces.
You spent 717 gold pieces at shops.
You donated 155 gold pieces to Zin.

Inventory:

Hand Weapons
 a - a +5 giant spiked club of protection (weapon)
Missiles
 o - 43 large rocks (quivered)
 p - 3 curare-tipped darts
 F - 2 throwing nets
Armour
 c - the +1 hat of Niehuug {rCorr Str-3 SInv Stlth+}
   (You bought it in a shop on level 2 of the Orcish Mines)

   Str:       It affects your strength (-3).
   SInv:      It lets you see invisible.
   rCorr:     It protects you from acid and corrosion.
   Stlth:     It makes you more stealthy.
 B - a +2 hat (worn)
 G - the +1 acid dragon scales "Gabuf" (worn) {rC+ rCorr}
   (You found it on level 12 of the Dungeon)

   rC:        It protects you from cold.
   rCorr:     It protects you from acid and corrosion.
 I - a +0 cloak (worn)
 O - a +0 troll leather armour
Jewellery
 n - a +4 ring of evasion
 q - an amulet of reflection (around neck)
 A - a ring of resist corrosion
 E - a ring of see invisible
 H - a +4 ring of protection (left hand)
 L - the ring "Tiv Lam" {rElec rPois rC+ Int+2 Dex+6}
   (You found it in a Gauntlet)

   [ring of dexterity]

   Int:       It affects your intelligence (+2).
   Dex:       It affects your dexterity (+6).
   rC:        It protects you from cold.
   rElec:     It insulates you from electricity.
   rPois:     It protects you from poison.
 N - an amulet of faith
 Q - the ring of Ytenkur (right hand) {rElec AC+4 Dex-5 Slay+6}
   (You found it in an ice cave)

   [ring of protection]

   AC:        It affects your AC (+4).
   Dex:       It affects your dexterity (-5).
   Slay:      It affects your accuracy & damage with ranged weapons and melee
   (+6).
   rElec:     It insulates you from electricity.
Wands
 m - a wand of digging (3)
 r - a wand of charming (18)
 v - a wand of acid (3)
 x - a wand of flame (97)
 M - a wand of roots (6)
Scrolls
 e - 2 scrolls of magic mapping
 i - 5 scrolls of teleportation
 j - 8 scrolls of identify
 l - 4 scrolls of fog
 y - 4 scrolls of silence
 C - 4 scrolls of enchant armour
 D - 6 scrolls of immolation
 J - 3 scrolls of vulnerability
 R - 2 scrolls of poison
Potions
 d - 2 potions of brilliance
 f - 4 potions of flight
 g - 3 potions of cancellation
 h - a potion of berserk rage
 k - 4 potions of might
 t - a potion of attraction
 u - 7 potions of resistance
 w - 6 potions of curing
 z - 4 potions of haste
 S - a potion of mutation


   Skills:
 - Level 11.1 Fighting
 - Level 0.8 Short Blades
 - Level 22.0 Maces & Flails
 - Level 4.0 Throwing
 + Level 7.6 Armour
 - Level 1.7 Dodging
 - Level 2.1 Stealth
 - Level 2.4 Spellcasting
 - Level 2.6 Hexes
 - Level 10.0 Invocations


You had 19 spell levels left.
You didn't know any spells.
Your spell library contained the following spells:

 Spells                   Type           Power      Damage    Failure   Level
 Slow                     Hex            40%        N/A       9%          1
 Ensorcelled Hibernation  Hex/Ice        12%        N/A       22%         2
 Apportation              Tloc           2%         N/A       26%         1
 Necrotise                Necr           4%         1d4       26%         1
 Sandblast                Erth           2%         2d4       26%         1
 Summon Small Mammal      Summ           4%         N/A       26%         1
 Confusing Touch          Hex            10%        N/A       26%         3
 Tukima's Dance           Hex            10%        N/A       26%         3
 Passwall                 Tmut/Erth      0%         N/A       36%         2
 Poisonous Vapours        Pois/Air       2%         N/A       36%         2
 Sublimation of Blood     Necr           1%         N/A       36%         2
 Wereblood                Tmut           1%         N/A       36%         2
 Dazzling Flash           Conj/Hex       12%        N/A       41%         3
 Spider Form              Tmut/Pois      1%         N/A       58%         3
 Stone Arrow              Conj/Erth      2%         3d7       58%         3
 Swiftness                Air            1%         N/A       58%         3
 Vampiric Draining        Necr           1%         2d6       58%         3
 Anguish                  Hex/Necr       3%         N/A       82%         4
 Airstrike                Air            0%         2d(1-17)  94%         4
 Corpse Rot               Necr/Pois/Air  1%         N/A       94%         4
 Iskenderun's Mystic Bla  Conj/Tloc      1%         2d3       94%         4
 Summon Lightning Spire   Summ/Air       1%         N/A       94%         4
 Silence                  Hex/Air        3%         N/A       99%         5
 Agony                    Necr           1%         N/A       100%        5
 Lightning Bolt           Conj/Air       0%         1d11      100%        5
 Starburst                Conj/Fire      0%         6d3       100%        6
 Enfeeble                 Hex            5%         N/A       100%        7
 Summon Hydra             Summ           0%         N/A       100%        7


Dungeon Overview and Level Annotations

Branches:
Dungeon (15/15)            Temple (1/1) D:5            Lair (5/5) D:9
 Shoals (0/4) Lair:3        Snake (1/4) Lair:2        Slime (0/5) Lair:5
    Orc (2/2) D:11            Elf (0/3) Orc:2        Vaults (0/5) D:14
 Depths (0/4) D:15          IceCv (visited)         Gauntlet (visited)

Altars:
Ashenzari
Cheibriados
Dithmenos
Elyvilon
Fedhas
Gozag
Hepliaklqana
Kikubaaqudgha
Makhleb
Nemelex Xobeh
Okawaru
Qazlal
Ru
Sif Muna
Trog
Uskayaw
Vehumet
Wu Jian
Xom
Yredelemnul
Zin
The Shining One
Jiyva

Shops:
D:1 [   D:7 (   D:13 (   D:15 *   Orc:1 [   Orc:2 [(*(

Portals:
Trove: D:13 (give 6 scrolls of fear)

Annotations:
D:14 Roxanne
Snake:1 Aizul, Kirke


Innate Abilities, Weirdness & Mutations

You are too large for most types of armour.
You have tough skin. (AC +1)


Message History

Unknown command.
You feel better. The anaconda bites you.
* * * LOW HITPOINT WARNING * * *
The anaconda constricts you. The shock serpent bites you!
* * * LOW HITPOINT WARNING * * *
The shock serpent shocks you. You resist.
* * * LOW HITPOINT WARNING * * *
The anaconda bites you.
* * * LOW HITPOINT WARNING * * *
The anaconda constricts you.
* * * LOW HITPOINT WARNING * * *
The shock serpent bites you but does no damage.
Unknown command.
Okay, then.
You feel better.
Your surroundings seem slightly different.
The anaconda loses its grip on you.
Aizul, a naga and a salamander come into view.
The anaconda grabs you. The anaconda barely misses you.
The anaconda constricts you.
The shock serpent shoots out a bolt of lightning at you!
The bolt of electricity hits you. You resist.
* * * LOW HITPOINT WARNING * * *
Unknown command.
As you read the scroll of teleportation, it crumbles to dust.
You feel strangely unstable.
Aizul shouts!
You hear an angry hiss.
You block the anaconda's attack. The anaconda constricts you.
Aizul says, "Feeling sleepy?"
Aizul casts a spell at you. The poison arrow hits you.
You are lethally poisoned!
* * * LOW HITPOINT WARNING * * *
The anaconda bites you but does no damage.
The anaconda constricts you.
The shock serpent shoots out a bolt of lightning at you!
The bolt of electricity hits you. You resist.
* * * LOW HITPOINT WARNING * * *
The anaconda bites you.
You die...

..............#
...............
................#
.......N........##
#.S..............##
#.................#
##.!.............
...N...@S......#
........S......#
...........ยง..#
........../...##
...............#
..........##..[.#
..........# #...#
...#.....## #..#
#...... ..#


You could see Aizul, a salamander, an anaconda, a shock serpent and a naga.

Vanquished Creatures
  Jorgrun (D:15)
  Gastronok (D:8)
  An azure jelly (IceCv)
  An orc warlord (Orc:2)
  A minotaur (Gauntlet)
  The ghost of Afrar the Peltast, a journeyman FoFi of Okawaru (D:12)
  An ettin (Orc:1)
  Josephine (D:14)
  A great orb of eyes (D:15)
  A vault guard (D:13)
  8 hydras
  4 boulder beetles
  4 centaur warriors
  Erica (D:11)
  2 dancing weapons (D:14)
  5 two-headed ogres
  7 death yaks
  2 tengu warriors
  Amaemon (Lair:2)
  Sonja (D:12)
  A fire crab (shapeshifter) (D:14)
  A goliath frog (Lair:5)
  A deep troll (Lair:2)
  A lindwurm (Lair:3)
  Pikel (D:4)
  A harpy (D:12)
  A mana viper (Snake:1)
  A shining eye (shapeshifter) (D:15)
  4 manticores
  9 cyclopes
  4 deep elf pyromancers
  2 orc sorcerers
  13 ugly things
  A black mamba (shapeshifter) (D:12)
  4 black mambas
  4 elephants (Lair:3)
  3 ice statues
  28 cane toads
  2 unseen horrors (D:12)
  A molten gargoyle (Lair:4)
  A torpor snail (Lair:5)
  An orange demon (Lair:3)
  A gargoyle (D:11)
  Psyche (D:11)
  2 rime drakes
  12 komodo dragons
  5 kobold demonologists
  A minotaur zombie (Gauntlet)
  A centaur skeleton (D:12)
  An efreet (D:15)
  2 tengu conjurers (D:13)
  2 unseen horror zombies (D:9)
  A freezing wraith (D:12)
  3 tyrant leeches (Lair:5)
  9 trolls
  18 blink frogs
  A hornet (D:10)
  A polar bear (Lair:2)
  Sigmund (D:3)
  A meliai zombie (D:12)
  50 slime creatures
  A ynoxinul (Gauntlet)
  4 shadows (Gauntlet)
  A centaur simulacrum (D:12)
  A vampire (D:12)
  7 wraiths
  41 yaks
  3 wyverns
  6 basilisks
  17 vampire mosquitoes
  3 steam dragons
  A warg (Orc:2)
  17 water moccasins
  An acid dragon (D:14)
  3 ice beasts
  35 orc warriors
  6 great orb of eyes simulacra (IceCv)
  A black bear (shapeshifter) (D:14)
  A sky beast (D:7)
  A black bear (D:6)
  14 wolves
  6 ogres
  10 centaurs
  2 slime creature simulacra (IceCv)
  4 lemures
  4 kobold brigands
  21 bullfrogs
  3 necrophages
  A scorpion (D:5)
  3 glowing shapeshifter simulacra (IceCv)
  9 wights
  4 killer bees
  11 howler monkeys
  3 electric eels
  7 centaur zombies
  5 hounds
  30 orc priests
  4 gnoll boudas
  A human zombie (D:9)
  3 jellies
  2 iron imps (Gauntlet)
  Jessica (D:2)
  26 orc wizards
  5 hell rats (Lair:2)
  3 shapeshifter simulacra (IceCv)
  Terence (D:3)
  A mummy (D:9)
  Robin (D:4)
  22 gnolls
  10 adders
  A shadow imp (D:6)
  A white imp (D:6)
  An ufetubus (D:3)
  2 worms
  103 orcs
  12 endoplasms
  4 giant cockroaches
  11 goblins
  14 hobgoblins
  20 kobolds
  3 quokkas
  10 ball pythons
  13 bats
  4 frilled lizards
  7 rats
816 creatures vanquished.

Vanquished Creatures (others)
  A raiju (Gauntlet)
  An orc warrior (D:11)
  A human (D:6)
  An ogre (D:11)
  A wight (D:7)
  An orc priest (D:11)
  An orc (D:11)
  56 fungi
  112 plants
  14 withered plants (Gauntlet)
189 creatures vanquished.

Grand Total: 1005 creatures vanquished

Notes
Turn   | Place    | Note
-------+----------+-------------------------------------------
     0 | D:1      | SnakkuSnakku7 the Ogre Enchanter began the quest for the
                  | Orb.
     0 | D:1      | Reached XP level 1. HP: 16/16 MP: 3/3
    82 | D:1      | Reached skill level 1 in Fighting
   367 | D:1      | Reached XP level 2. HP: 28/28 MP: 5/5
   564 | D:1      | Found Sit Jyzaav's Armour Boutique.
  1148 | D:1      | Found a faded altar of an unknown god.
  1148 | D:1      | Noticed an ice devil
  1164 | D:1      | Reached XP level 3. HP: 30/37 MP: 6/6
  1939 | D:2      | Reached XP level 4. HP: 38/49 MP: 7/7
  2177 | D:3      | Noticed Jessica
  2272 | D:2      | Killed Jessica
  2273 | D:2      | Reached skill level 5 in Fighting
  3046 | D:3      | Reached XP level 5. HP: 54/59 MP: 8/8
  3085 | D:3      | Reached skill level 1 in Maces & Flails
  3158 | D:3      | Noticed Sigmund
  3228 | D:3      | Killed Sigmund
  3229 | D:3      | Reached skill level 2 in Maces & Flails
  3229 | D:3      | Reached XP level 6. HP: 51/71 MP: 9/9
  3336 | D:3      | Noticed Terence
  3350 | D:3      | Killed Terence
  3739 | D:4      | Noticed Robin
  3749 | D:4      | Reached skill level 3 in Maces & Flails
  3757 | D:4      | Killed Robin
  3841 | D:4      | Noticed Pikel
  4215 | D:4      | Found a stormy altar of Qazlal.
  4250 | D:4      | Reached XP level 7. HP: 36/78 MP: 10/10
  5454 | D:5      | Entered Level 5 of the Dungeon
  5503 | D:5      | Reached skill level 4 in Maces & Flails
  5503 | D:5      | Reached skill level 1 in Throwing
  5706 | D:5      | Reached XP level 8. HP: 45/88 MP: 11/11
  6233 | D:5      | Found a staircase to the Ecumenical Temple.
  6366 | Temple   | Entered the Ecumenical Temple
  6405 | Temple   | Became a worshipper of Zin the Law-Giver
  6405 | Temple   | Reached * piety under Zin
  6607 | D:4      | Killed Pikel
  6608 | D:4      | Reached skill level 6 in Maces & Flails
  6897 | D:6      | Found an ancient bone altar of Kikubaaqudgha.
  7091 | D:6      | Found a shimmering blue altar of Sif Muna.
  7162 | D:6      | Reached ** piety under Zin
  7251 | D:6      | Reached skill level 7 in Maces & Flails
  7318 | D:6      | Reached XP level 9. HP: 72/96 MP: 12/12
  7485 | D:6      | Found a sacrificial altar of Ru.
  7946 | D:7      | Reached skill level 8 in Maces & Flails
  8458 | D:7      | Found Xearph's Antique Weapon Shoppe.
  8714 | D:7      | Reached skill level 9 in Maces & Flails
  8842 | D:7      | Reached *** piety under Zin
  9112 | D:7      | Reached skill level 10 in Maces & Flails
  9116 | D:7      | Found an opulent altar of Gozag.
  9318 | D:8      | Identified the +0 robe "Deunwin" {Fly rElec rF- SInv}
  9339 | D:8      | Noticed a two-headed ogre
  9362 | D:8      | Killed a two-headed ogre
  9363 | D:8      | Reached skill level 11 in Maces & Flails
  9363 | D:8      | Reached XP level 10. HP: 104/104 MP: 13/13
  9390 | D:8      | Found an ornate altar of the Wu Jian Council.
  9392 | D:8      | Found a shimmering altar of Xom.
 10382 | D:8      | Noticed Gastronok
 10563 | D:8      | Reached **** piety under Zin
 10939 | D:8      | Killed Gastronok
 10940 | D:8      | Reached skill level 12 in Maces & Flails
 11139 | D:9      | Noticed a +4 dagger
 11139 | D:9      | Noticed a +0 dagger
 11140 | D:9      | Found a hide-covered altar of Uskayaw.
 11806 | D:9      | Reached skill level 13 in Maces & Flails
 12151 | D:9      | Reached XP level 11. HP: 74/111 MP: 14/14
 12441 | D:9      | Noticed a two-headed ogre
 12472 | D:9      | Killed a two-headed ogre
 12869 | D:9      | Found a staircase to the Lair.
 13061 | D:9      | Reached skill level 14 in Maces & Flails
 13092 | D:9      | Found a basalt altar of Yredelemnul.
 13564 | D:10     | Entered Level 10 of the Dungeon
 13569 | D:10     | Found a glowing golden altar of the Shining One.
 15700 | D:10     | Reached ***** piety under Zin
 15896 | Lair:1   | Entered Level 1 of the Lair of Beasts
 15978 | Lair:1   | Reached skill level 15 in Maces & Flails
 16171 | Lair:1   | HP: 5/111 [yak (3)]
 16465 | Lair:1   | Found a transporter.
 16465 | Lair:1   | Found a transporter.
 16466 | Lair:1   | Noticed a boulder beetle
 16466 | Lair:1   | Noticed a boulder beetle
 16770 | Lair:2   | Noticed a death yak
 16772 | Lair:2   | Noticed a death yak
 16772 | Lair:2   | Noticed a death yak
 16773 | Lair:2   | Noticed a death yak
 16781 | Lair:1   | Reached XP level 12. HP: 84/119 MP: 15/15
 16804 | Lair:2   | HP: 3/119 [komodo dragon (23)]
 16855 | Lair:2   | Found a staircase to the Snake Pit.
 16957 | Lair:2   | Reached skill level 16 in Maces & Flails
 16960 | Lair:2   | Found a gate leading to a gauntlet.
 16970 | Gauntlet | Entered a Gauntlet
 16970 | Gauntlet | Found a transporter.
 16970 | Gauntlet | Found a transporter.
 16971 | Gauntlet | Found a transporter.
 16971 | Gauntlet | Found a transporter.
 16974 | Gauntlet | Found a transporter.
 16974 | Gauntlet | Found a transporter.
 16984 | Gauntlet | Found a transporter.
 16988 | Gauntlet | Found a transporter.
 16999 | Gauntlet | Found a transporter.
 17004 | Gauntlet | Noticed a wretched star
 17022 | Gauntlet | Found a transporter.
 17039 | Gauntlet | Found a transporter.
 17043 | Gauntlet | Found a transporter.
 17253 | Gauntlet | Identified the ring "Tiv Lam" {rElec rPois rC+ Int+2 Dex+6}
 17267 | Gauntlet | Noticed a minotaur
 17286 | Gauntlet | Killed a minotaur
 17355 | Gauntlet | Identified the +1 pair of gloves of Somewhere Else {rC+
                  | Slay-6 Stlth+}
 17613 | Lair:1   | Killed a death yak
 17677 | Lair:1   | Killed a death yak
 17678 | Lair:1   | Reached skill level 17 in Maces & Flails
 18204 | Lair:1   | Killed a death yak
 18248 | Lair:2   | Killed a death yak
 18432 | Lair:3   | Found a staircase to the Shoals.
 18441 | Lair:3   | Reached XP level 13. HP: 124/127 MP: 16/16
 18445 | Lair:3   | Reached skill level 18 in Maces & Flails
 18598 | Lair:3   | Reached ****** piety under Zin
 18611 | Lair:3   | Noticed Amaemon
 18649 | Lair:2   | Killed Amaemon
 19397 | Lair:4   | Found a frozen archway.
 19404 | IceCv    | Entered an ice cave
 19580 | IceCv    | Reached skill level 1 in Invocations
 20170 | IceCv    | Reached skill level 5 in Invocations
 20215 | IceCv    | Found a viscous altar of Jiyva.
 20215 | IceCv    | Noticed an azure jelly
 20231 | IceCv    | Killed an azure jelly
 20297 | IceCv    | Identified the ring of Ytenkur {rElec AC+4 Dex-5 Slay+6}
 20591 | Lair:4   | Identified the +8 halberd of Painful Death {vorpal, Int+5}
 20804 | Lair:4   | Identified the +12 trident "Veeg" {venom, Dex+2}
 21054 | Lair:5   | Entered Level 5 of the Lair of Beasts
 21054 | Lair:5   | Found a viscous altar of Jiyva.
 21054 | Lair:5   | Found a staircase to the Slime Pits.
 21163 | Lair:5   | Reached XP level 14. HP: 103/136 MP: 20/20
 21592 | Lair:5   | Reached skill level 10 in Invocations
 21592 | Lair:5   | Reached skill level 19 in Maces & Flails
 22631 | Lair:5   | Reached skill level 20 in Maces & Flails
 23318 | D:11     | Noticed Psyche
 23333 | D:11     | Killed Psyche
 23672 | D:11     | Found a staircase to the Orcish Mines.
 23702 | D:11     | Noticed Erica
 23709 | D:11     | Killed Erica
 24095 | Orc:1    | Entered Level 1 of the Orcish Mines
 24175 | Orc:1    | Found Lito's Armour Shoppe.
 24188 | Orc:1    | Reached XP level 15. HP: 140/143 MP: 22/22
 24615 | Orc:2    | Entered Level 2 of the Orcish Mines
 24723 | Orc:2    | Noticed an orc warlord
 24762 | Orc:2    | Killed an orc warlord
 24763 | Orc:2    | Reached skill level 21 in Maces & Flails
 24896 | Orc:2    | Found Biroeqas's Antique Armour Emporium.
 24898 | Orc:2    | Found Cumecvugg's Antique Weapon Shoppe.
 24905 | Orc:2    | Bought an ichor-stained hat for 243 gold pieces
 24905 | Orc:2    | Identified the +1 hat of Niehuug {rCorr Str-3 SInv Stlth+}
                  | (You bought it in a shop on level 2 of the Orcish Mines)
 25017 | Orc:2    | Found Qeow Cau's General Store.
 25047 | Orc:2    | Bought 3 scrolls of enchant weapon for 292 gold pieces
 25047 | Orc:2    | Bought a potion of degeneration for 13 gold pieces
 25047 | Orc:2    | Bought a potion of curing for 39 gold pieces
 25065 | Orc:2    | Found a staircase to the Elven Halls.
 25337 | Orc:2    | Found Ludafu's Weapon Shoppe.
 25654 | D:12     | Found a runed translucent gate.
 25654 | D:12     | Found a runed translucent gate.
 25663 | D:12     | Found a runed translucent gate.
 25665 | D:12     | Noticed Afrar's ghost (journeyman FoFi)
 25674 | D:12     | Killed Afrar's ghost
 25759 | D:12     | Noticed Sonja
 25767 | D:12     | Killed Sonja
 26069 | D:12     | Got the Omnibus of the Kinetic Assassin
 26147 | D:12     | Identified the +6 scale mail "Guvi" {rC+ Will+ MP-9}
 26459 | D:12     | Reached skill level 22 in Maces & Flails
 26476 | D:12     | Identified the +1 acid dragon scales "Gabuf" {rC+ rCorr}
 26766 | D:13     | Found Hoffaug's Antique Weapon Emporium.
 26803 | D:13     | Identified a scroll of acquirement
 26804 | D:13     | Acquired 905 gold pieces
 26868 | D:13     | Reached skill level 10 in Fighting
 27520 | D:13     | Identified the +7 shortbow "Vehoi" {flame, rCorr}
 27835 | D:13     | Reached skill level 1 in Armour
 27838 | D:13     | Found a portal to a secret trove of treasure.
 28110 | D:13     | Reached XP level 16. HP: 117/162 MP: 23/23
 28287 | D:14     | Noticed Josephine
 28293 | D:14     | Killed Josephine
 28605 | D:14     | Found a gate to the Vaults.
 28634 | D:14     | Noticed Roxanne
 28833 | D:14     | Reached skill level 5 in Armour
 29580 | D:14     | Found a snail-covered altar of Cheibriados.
 29779 | D:15     | Entered Level 15 of the Dungeon
 29836 | D:15     | Found Hank's Elemental Accessories.
 29844 | D:15     | Bought a potion of resistance for 130 gold pieces
 29863 | D:15     | Noticed Jorgrun
 29876 | D:15     | Killed Jorgrun
 29914 | D:15     | Identified the +0 helmet "Esoxaw" {Stlth+}
 30324 | D:15     | Found a staircase to the Depths.
 30536 | D:15     | Found a broken altar of Ashenzari.
 31602 | Snake:1  | Entered Level 1 of the Snake Pit
 31628 | Snake:1  | Noticed Kirke
 31646 | Snake:1  | Noticed a sphinx
 31647 | Snake:1  | Paralysed by a sphinx for 4 turns
 31665 | Snake:1  | HP: 5/162 [anaconda (5)]
 31665 | Snake:1  | HP: 2/162 [constriction (3)]
 31666 | Snake:1  | Noticed Aizul
 31667 | Snake:1  | Slain by an anaconda

Illustrated notes

Levels and vault maps discovered:
D:1:      dpeg_arrival_solitude, layout_loops_corners, serial_shops, shop,
          dreamdust_ecumenical_altar_sealed_demon, bh_walls_and_bars
D:2:      layout_basic
D:3:      layout_basic, minmay_misc_feat_chi, uniq_jessica, uniq_terence,
          uniq_sigmund
D:4:      layout_loops_ring, nicolae_qazlal_eye_of_the_storm, uniq_robin,
          uniq_pikel
D:5:      layout_rooms, minmay_temple_entry_nine_rooms, minmay_statues_item
D:6:      layout_loops_corners, mainiacjoe_overflow_chevrons, tgw_kikubaaqudgha,
          mainiacjoe_overflow_concentric_impassable, nrook_mini_backslash,
          wad_floor_pattern_untrapped, kennysheep_decorative_pillar,
          ebering_dispersal_statue_hall, grunt_decor_clamped
D:7:      layout_basic, grunt_gozag_breadcrumbs, serial_shops,
          nicolae_shop_temple_entry_statues_fountains
D:8:      layout_cave_pods, mainiacjoe_overflow_catwalk_spiral, uniq_gastronok
D:9:      layout_long_grid, lemuel_mausoleum_altar_yredelemnul,
          dancing_weapons_uskayaw, erik_lair_dragon, kennysheep_generic_room_3
D:10:     layout_rooms, kennysheep_mini, uniq_lodul
D:11:     layout_roguey [special_room_orc], erik_orc_3,
          nicolae_concentric_dashed_squares_wild,
          hangedman_abyss_or_decor_stagger, uniq_erica, uniq_psyche
D:12:     minmay_the_grid_triangle_9x9_rhombus_full_mashed
          [minmay_the_grid_triangle_9x9_corruption,
          minmay_the_grid_triangle_9x9_odd_lines,
          minmay_the_grid_triangle_9x9_descending_squares,
          minmay_the_grid_triangle_9x9_windchime,
          minmay_the_grid_triangle_9x9_impossible_snake,
          minmay_the_grid_triangle_9x9_checkered,
          minmay_the_grid_triangle_9x9_zippers_vertical,
          minmay_the_grid_triangle_9x9_prize_schism], layout_gridville,
          ebering_ghost_rock_garden, hangedman_weighted_door,
          minmay_fractal_squares_5, uniq_sonja
D:13:     minmay_statue_hallways, layout_basic, serial_shops,
          nicolae_shop_behind_doors, enter_trove_5
D:14:     layout_layer_cave, erik_vaults_1, cheibriados_altar_1, uniq_josephine,
          uniq_roxanne
D:15:     gammafunk_enter_depths_forms, layout_rooms, evilmike_ruin_ashenzari,
          nicolae_elemental_shop, uniq_jorgrun
Temple:   nicolae_temple_x_marks_the_god
Lair:1:   gammafunk_boulding_lane, layout_loops_ring, roderic_batcave,
          serial_bayou_shore_a
Lair:2:   dreamdust_cave_troll, layout_misc_corridors, dummy_snake_entry,
          gauntlet_entry_generic
Lair:3:   layout_loops_ring, minmay_shoals_entry_centaurs, grunt_megastairs_4,
          uniq_amaemon
Lair:4:   layout_gridlike, portal_ice_cave_entry_pillars_1,
          nicolae_quartered_pool_super, lemuel_fruit_fields,
          serial_bayou_shore_b, infiniplex_staircase_pool_2, lemuel_fruit_tree
Lair:5:   minmay_lair_end_frog_pond, layout_regular_city, slime_entry_1
Snake:1:  layout_onion, uniq_kirke, uniq_aizul, uniq_asterion
Orc:1:    layout_caves, serial_shops, shop_fountains
Orc:2:    grunt_orc_community_town_hall, layout_caves,
          grunt_orc_community_big_house_1, grunt_orc_community_big_house_1,
          grunt_orc_community_house_3, grunt_orc_community_house_1,
          grunt_orc_community_house_1, grunt_orc_community_house_1,
          grunt_orc_community_house_2, grunt_orc_community_house_2

Skill      XL: |  1  2  3  4  5  6  7  8  9 10 11 12 13 14 15 16 |
---------------+-------------------------------------------------+-----
Fighting       | 2 3 4 5 7 8 11 | 11.1
Maces & Flails | 2 3 4 7 11 13 15 17 18 20 22 | 22.0
Throwing       | 2 4 |  4.0
Invocations    | 8 10 | 10.0
Armour         | 2 7 |  7.6
Short Blades   | |  0.8
Dodging        | |  1.7
Stealth        | |  2.1
Spellcasting   | |  2.4
Hexes          | |  2.6

Action                   |  1- 3 |  4- 6 |  7- 9 | 10-12 | 13-15 | 16-18 || total
-------------------------+-------+-------+-------+-------+-------+-------++-------
Melee: Dagger            |   169 |    41 |       |       |       |       ||   210
       Punch             |     3 |     1 |     1 |     5 |       |       ||    10
       Club              |       |   111 |   255 |   405 |       |       ||   771
       Giant spiked club |       |       |       |   314 |  1407 |   233 ||  1954
Throw: Dart              |       |       |     7 |    19 |       |       ||    26
Invok: Recite            |       |       |       |       |     4 |       ||     4
Evoke: Wand              |       |       |     1 |     2 |     3 |     8 ||    14
  Use: Potion            |       |     1 |     3 |     3 |     3 |    11 ||    21
       Scroll            |       |       |     9 |    16 |    10 |     8 ||    43
 Stab: Sleeping          |     5 |     5 |     4 |     6 |     1 |       ||    21
       Distracted        |       |     4 |     3 |     9 |       |       ||    16
       Paralysed         |       |       |       |       |    10 |       ||    10
       Confused          |       |       |       |       |     1 |       ||     1
Armor: Robe              |    48 |    31 |    50 |    91 |       |       ||   220
       Troll leather arm |       |       |       |   140 |   752 |       ||   892
       Acid dragon scale |       |       |       |       |    70 |   172 ||   242
Dodge: Dodged            |    86 |    85 |    93 |   276 |   544 |   104 ||  1188
Block: Other             |       |       |    17 |   169 |   292 |    50 ||   528
       Reflection        |       |       |     2 |       |     6 |     1 ||     9
